 Dungeon Crawl Stone Soup version 0.28.0-53-g5a82cb258f (webtiles) character file.

Game seed: 6776627596164691802

68 Sin92 the Skirmisher (level 4, 0/35 HPs)
             Began as a Demonspawn Fighter on June 13, 2022.
             Slain by a wyvern zombie (7 damage)
             ... on level 3 of the Dungeon.
             The game lasted 00:01:43 (1904 turns).

Sin92 the Skirmisher (Demonspawn Fighter)           Turns: 1904, Time: 00:01:44

Health: 0/35       AC:  9    Str: 16    XL:     4   Next: 1%
Magic:  4/4        EV: 10    Int:  9    God:
Gold:   77         SH:  5    Dex: 15    Spells: 3/3 levels left

rFire   . . .      SeeInvis .   a - +0 long sword
rCold   . . .      Faith    .   c - +0 buckler
rNeg    . . .      Spirit   .   b - +0 scale mail
rPois   .          Reflect  .   (no helmet)
rElec   .          Harm     .   j - +2 cloak
rCorr   .          Rampage  .   (no gloves)
Will    .....                   (no boots)
Stlth   +.........              (no amulet)
HPRegen 0.11/turn               (no ring)
MPRegen 0.18/turn               (no ring)

@: no status effects
A: magic regeneration, sturdy frame 1, weakness stinger 1
a: no special abilities


You were on level 3 of the Dungeon.
You visited 1 branch of the dungeon, and saw 3 of its levels.

You collected 77 gold pieces.

Inventory:

Hand Weapons
 a - a +0 long sword (weapon)
Armour
 b - a +0 scale mail (worn)
 c - a +0 buckler (worn)
 j - a +2 cloak (worn)
Scrolls
 f - 4 scrolls of teleportation
 k - a scroll of summoning {unknown}
 l - a scroll of identify {unknown}
Potions
 d - 2 potions of might
 e - a potion of heal wounds {unknown}
 g - a potion of curing {unknown}
 h - a potion of haste
 i - a potion of berserk rage {unknown}


   Skills:
 + Level 3.5 Fighting
 + Level 2.3 Long Blades
 + Level 3.1 Armour
 + Level 1.2 Dodging
 + Level 3.1 Shields


You had 3 spell levels left.
You didn't know any spells.
Your spell library was empty.

Dungeon Overview and Level Annotations

Branches:
Dungeon (3/15)

Altars:
Qazlal


Innate Abilities, Weirdness & Mutations

You regenerate magic rapidly.
Your movements are slightly less encumbered by armour. (ER -2)
You have a small tail.


Message History

The wyvern zombie barely misses you.
A wyvern zombie is nearby!
You hit the wyvern zombie.
The wyvern zombie is moderately damaged.
The wyvern zombie bites you!
A wyvern zombie is nearby!
You slash the wyvern zombie!
The wyvern zombie is heavily damaged.
The wyvern zombie bites you but does no damage.
The wyvern zombie bites you.
A wyvern zombie is nearby!
You slash the wyvern zombie!
The wyvern zombie is heavily damaged.
The wyvern zombie bites you! The wyvern zombie barely misses you.
A wyvern zombie is nearby!
You are too injured to fight recklessly!
A wyvern zombie is nearby!
You are too injured to fight recklessly!
You are too injured to fight recklessly!
A wyvern zombie is nearby!
You are too injured to fight recklessly!
A wyvern zombie is nearby!
You are too injured to fight recklessly!
You hit the wyvern zombie but do no damage.
The wyvern zombie is heavily damaged.
The wyvern zombie bites you.
* * * LOW HITPOINT WARNING * * *
The wyvern zombie bites you but does no damage.
You hit the wyvern zombie but do no damage.
The wyvern zombie is heavily damaged.
You block the wyvern zombie's attack. The wyvern zombie barely misses you.
You hit the wyvern zombie but do no damage.
Your tail-slap misses the wyvern zombie.
The wyvern zombie is heavily damaged.
The wyvern zombie closely misses you.
You barely miss the wyvern zombie.
You tail-slap the wyvern zombie, but do no damage.
The wyvern zombie is heavily damaged.
The wyvern zombie bites you!
You die...

###>..#
###...#.########
###...###.........
#......##########.
#......# #......#
#......########.#
#......#........#.
#.#......)@Z......
........#######....
.##.#.#### . .
.....# #....# #...#
.^.


You could see a wyvern zombie.

Vanquished Creatures
  An adder (D:2)
  A worm (D:3)
  2 dart slugs (D:2)
  6 ball pythons
  2 bats
  2 endoplasms (D:2)
  5 giant cockroaches (D:1)
  4 goblins
  6 hobgoblins
  4 jackals (D:2)
  2 quokkas
  3 frilled lizards
  5 kobolds
  4 rats
47 creatures vanquished.

Notes
Turn   | Place    | Note
-------+----------+-------------------------------------------
     0 | D:1      | Sin92 the Demonspawn Fighter began the quest for the Orb.
     0 | D:1      | Reached XP level 1. HP: 18/18 MP: 1/1
   412 | D:1      | Gained mutation: You have a small tail. [demonic ancestry]
   412 | D:1      | Reached XP level 2. HP: 21/24 MP: 2/2
  1035 | D:2      | Gained mutation: Your movements are slightly less
                  | encumbered by armour. (ER -2) [demonic ancestry]
  1035 | D:2      | Reached XP level 3. HP: 25/29 MP: 3/3
  1157 | D:2      | Reached skill level 1 in Dodging
  1278 | D:2      | Found a stormy altar of Qazlal.
  1795 | D:3      | Found a faded altar of an unknown god.
  1806 | D:3      | Gained mutation: You regenerate magic rapidly. [demonic
                  | ancestry]
  1806 | D:3      | Reached XP level 4. HP: 28/35 MP: 4/4
  1904 | D:3      | Slain by a wyvern zombie

Illustrated notes

Levels and vault maps discovered:
D:1:      minmay_arrival_stone_box, layout_loops_ring, minmay_pentomino_x4
D:2:      layout_loops_cross, basic_altar
D:3:      layout_rooms, basic_ecumenical_altar

Skill      XL: |  1  2  3 |
---------------+----------+-----
Long Blades    | 2 |  2.3
Shields        | 3 |  3.1
Armour         | 3 |  3.1
Dodging        | 1 |  1.2
Fighting       | |  3.5

Action                   |  1- 3 |  4- 6 || total
-------------------------+-------+-------++-------
Melee: Long sword        |   137 |     8 ||   145
       Tailslap          |    10 |     1 ||    11
  Use: Scroll            |     3 |       ||     3
Armor: Scale mail        |    62 |     3 ||    65
Dodge: Dodged            |    62 |     5 ||    67
Block: Buckler           |    36 |     1 ||    37
